[Event "Late-Titled-Tuesday-Blitz-April-23-2024"]
[Site "Chess.com"]
[Date "2024.04.23"]
[Round "7"]
[White "Zura_19"]
[Black "Fins0905"]
[Result "1-0"]
[WhiteElo "2608"]
[BlackElo "2759"]
[TimeControl "180+1"]
[EndTime "15:17:26 PDT"]
[Termination "Zura_19 won by resignation"]

1. e4 d5 2. exd5 Qxd5 3. Nc3 Qa5 4. d4 Nf6 5. Bd2 Bg4 6. Be2 Bxe2 7. Qxe2 Qf5 8. Nf3 Nc6 9. O-O O-O-O 10. Be3 e6 11. a3 g5 12. b4 g4 13. Ne5 Nxe5 14. dxe5 Nd5 15. Nb5 a6 16. Na7+ Kb8 17. b5 Nxe3 18.
Nc6+ bxc6 19. bxc6 Nc4 20. Qxc4 Ka7 21. Rab1 Rb8 22. Rxb8 Kxb8 23. Qxa6 1-0

[Event "Late-Titled-Tuesday-Blitz-April-23-2024"]
[Site "Chess.com"]
[Date "2024.04.23"]
[Round "7"]
[White "VojtechPlat"]
[Black "GMBenjaminBok"]
[Result "0-1"]
[WhiteElo "2868"]
[BlackElo "3046"]
[TimeControl "180+1"]
[EndTime "15:17:30 PDT"]
[Termination "GMBenjaminBok won by resignation"]

1. e4 c5 2. Nf3 d6 3. c3 Nf6 4.
Bc4 Nc6 5. Qe2 Bg4 6. h3 Bh5 7.
g4 Bg6 8. d3 e6 9. Bb3 Be7 10.
Bf4 d5 11. Nbd2 O-O 12. Nh4 b5 13. Nxg6 hxg6 14. Bc2 b4 15. Nf3 bxc3 16. bxc3 Qa5 17. Bd2 Qc7 18. Kf1 Rab8 19. Kg2 Bd6 20. Rab1 Bf4 21. Ba4 Bxd2 22. Nxd2 Ne7 23. Qe3 Rxb1 24. Rxb1 Qa5 25. Bb3 Qxc3 26. Qe2 g5 27. Nf3 Ng6 28. Kg3 c4 29. exd5 cxb3 30. dxe6 Qc7+ 0-1

[Event "Late-Titled-Tuesday-Blitz-April-23-2024"]
[Site "Chess.com"]
[Date "2024.04.23"]
[Round "7"]
[White "protectiago"]
[Black "PawnEatingZombie"]
[Result "1-0"]
[WhiteElo "2073"]
[BlackElo "2209"]
[TimeControl "180+1"]
[EndTime "15:17:30 PDT"]
[Termination "protectiago won by resignation"]

1. d4 Nf6 2. c4 g6 3. Nc3 Bg7 4. e4 d6 5. Nf3 O-O 6. Be2 e5 7. O-O exd4 8. Nxd4 Re8 9. f3 c6 10. Nb3 Na6 11. Be3 d5 12. cxd5 cxd5 13. Bf2 dxe4 14. fxe4 Be6 15. Nd4 Bd7 16. Bc4 Nc5 17. e5 Rxe5 18. Nf3 Nfe4 19. Nxe5 Bxe5 20. Bxf7+ Kg7 21.
Nxe4 Nxe4 22. Be6 Bxe6 23. Qe2 Bf5 24. g4 Nxf2 25. Qxe5+ Qf6 26. Qxf6+ Kxf6 27. Rxf2 1-0

[Event "Late-Titled-Tuesday-Blitz-April-23-2024"]
[Site "Chess.com"]
[Date "2024.04.23"]
[Round "7"]
[White "1g60-1"]
[Black "Zhigalko_Sergei"]
[Result "0-1"]
[WhiteElo "2448"]
[BlackElo "2883"]
[TimeControl "180+1"]
[EndTime "15:17:40 PDT"]
[Termination "Zhigalko_Sergei won by resignation"]

1. e4 Nf6 2. e5 Nd5 3. Nc3 e6 4.
Nxd5 exd5 5. Nf3 d6 6. d4 Be7 7. Bd3 O-O 8. h4 h6 9. Bf4 c5 10. c3 cxd4 11. cxd4 Nc6 12. a3 Bg4 13. Bc2 dxe5 14.
dxe5 Rc8 15. Rc1 Qa5+ 16. Kf1 Qb5+ 17. Kg1 Rfd8 18. b4 d4 19. Bd3 Qd5 20. Qe2 a6 21. Qd2 Bxf3 22. gxf3 Nxe5 23. Bf5 Nxf3+ 0-1

[Event "Late-Titled-Tuesday-Blitz-April-23-2024"]
[Site "Chess.com"]
[Date "2024.04.23"]
[Round "7"]
[White "Kratos031"]
[Black "osielchesslover2011"]
[Result "1-0"]
[WhiteElo "2466"]
[BlackElo "2227"]
[TimeControl "180+1"]
[EndTime "15:17:45 PDT"]
[Termination "Kratos031 won on time"]

1. d4 Nf6 2. Nf3 g6 3. c4 Bg7 4. Nc3 O-O 5. e4 d6 6. Be2 e5 7.
O-O Nc6 8. d5 Ne7 9. Ne1 Nd7 10.
Nd3 f5 11. f3 f4 12. Bd2 g5 13.
c5 Nxc5 14. Nxc5 dxc5 15. Rc1 Ng6 16. Na4 b6 17. b4 cxb4 18. Bxb4 Rf7 19. d6 c5 20. Bc4 cxb4 21. Bxf7+ Kxf7 22. Qd5+ Be6 23. Qb7+ Kg8 24. Rc7 Bf6 25. Rd1 Rb8 26. Qxa7 Ra8 27. Qxb6 Rxa4 28. d7 Bxd7 29. Rdxd7 Qf8 30. Qe6+ 1-0

[Event "Late-Titled-Tuesday-Blitz-April-23-2024"]
[Site "Chess.com"]
[Date "2024.04.23"]
[Round "7"]
[White "ReadySkate"]
[Black "DanielNaroditsky"]
[Result "0-1"]
[WhiteElo "2706"]
[BlackElo "2973"]
[TimeControl "180+1"]
[EndTime "15:17:46 PDT"]
[Termination "DanielNaroditsky won by resignation"]

1. d4 Nf6 2. c4 g6 3. Nc3 Bg7 4. e4 d6 5. Be2 O-O 6. Bg5 c5 7.
d5 h6 8. Bf4 b5 9. cxb5 a6 10. Qd2 axb5 11. Bxb5 Qa5 12. a4 Ba6 13. f3 g5 14. Be3 Bxb5 15. Nxb5 Qxb5 16. axb5 Rxa1+ 17. Kf2 Nbd7 18. g3 Ne5 19. Kg2 Rb8 20. Ne2 Nxf3 21.
Kxf3 Rxh1 22. Ng1 Rxb5 23. Kg2 Ng4 24. Kxh1 Rxb2 25. Qxb2 Bxb2 26. Bd2 Nf2+ 27. Kg2 Nxe4 28. Ba5 Nf6 0-1

[Event "Late-Titled-Tuesday-Blitz-April-23-2024"]
[Site "Chess.com"]
[Date "2024.04.23"]
[Round "7"]
[White "js20000"]
[Black "yaguigor"]
[Result "1-0"]
[WhiteElo "2744"]
[BlackElo "2567"]
[TimeControl "180+1"]
[EndTime "15:17:46 PDT"]
[Termination "js20000 won by resignation"]

1. b3 d5 2. Bb2 Bg4 3. f3 Bf5 4. Nc3 d4 5. Ne4 e5 6. Nf2 Nc6 7. e4 dxe3 8. dxe3 Qxd1+ 9. Rxd1 Bxc2 10. Rc1 Bg6 11. Bb5 Bb4+ 12. Ke2 O-O-O 13. Nd3 a6 14. Nxb4 Nxb4 15. Bxe5 c6 16. Bxg7 axb5 17. Bxh8 Bd3+ 18. Kf2 Ne7 19. Bf6 Nbd5 20. Bxe7 Nxe7 21. Rd1 c5 22. Nh3 Ng6 23. Ke1 c4 24. Nf2 Ne5 25.
f4 Nc6 26. Nxd3 cxd3 27. Kd2 Nb4 28. Rc1+ Nc2 29. Rhf1 f5 30. Rf3 Rd7 31. Rh3 Kb8 32.
Rh5 Rf7 33. Kxd3 Nb4+ 34. Ke2 Nxa2 35. Rc5 b4 36. Rhxf5 Rd7 37. Rf8+ 1-0

[Event "Late-Titled-Tuesday-Blitz-April-23-2024"]
[Site "Chess.com"]
[Date "2024.04.23"]
[Round "7"]
[White "ritanovikova"]
[Black "PNEPaul"]
[Result "1-0"]
[WhiteElo "2178"]
[BlackElo "1921"]
[TimeControl "180+1"]
[EndTime "15:17:46 PDT"]
[Termination "ritanovikova won by resignation"]

1. e4 e5 2. Nf3 Nc6 3. Bc4 Be7 4. c3 Nf6 5. d4 Nxe4 6. dxe5 d5 7. exd6 Nxd6 8.
Bb3 O-O 9. O-O Bg4 10. Be3 Ne5 11. Nbd2 Kh8 12. h3 Nxf3+ 13. Nxf3 Bh5 14. Qd5 Bg6 15. Ne5 Be4 16. Qd2 f6 17. Nc4 Nxc4 18. Bxc4 Qxd2 19. Bxd2 Rfd8 20. Be3 Bd3 21. Bxd3 Rxd3 22. Rfe1 Kg8 23.
Bxa7 Rxa7 24. Rxe7 Rd2 25. Rae1 Rxa2 26. Rxc7 h6 27. Ree7 Raxb2 28. Rxg7+ Kh8 29. Rge7 Rd8 30. Rh7+ Kg8 31. Rxh6 1-0

[Event "Late-Titled-Tuesday-Blitz-April-23-2024"]
[Site "Chess.com"]
[Date "2024.04.23"]
[Round "7"]
[White "sassassasss"]
[Black "ZachHKL"]
[Result "0-1"]
[WhiteElo "2432"]
[BlackElo "2304"]
[TimeControl "180+1"]
[EndTime "15:17:52 PDT"]
[Termination "ZachHKL won by resignation"]

1. e4 c5 2. g3 g6 3. Bg2 Bg7 4.
Ne2 Nc6 5. O-O e6 6. Nbc3 Nge7 7. a3 O-O 8. Rb1 Nd4 9. d3 Nec6 10. b4 cxb4 11.
axb4 a6 12. b5 axb5 13. Nxb5 Nxb5 14. Rxb5 d6 15. c4 Qc7 16. Bf4 Bd7 17. c5 e5 18.
cxd6 Qxd6 19. Rd5 Qe7 20. Be3 Be6 21. Rb5 Rfd8 22. Qb1 Rab8 23. Rc1 Qd7 24. Rc3 Nd4 25. Bxd4 exd4 26. Ra3 Rdc8 27. Nf4 Bg4 28. Nd5 Qxb5 29. Qxb5 Rc1+ 30. Bf1 Bh3 31. Ne3 dxe3 32. d4 Rxf1+ 33.
Qxf1 Bxf1 34. Kxf1 Bxd4 35. fxe3 Be5 36. Ke2 f6 37.
Rb3 b5 38. Kd3 b4 39. Kc4 Bc3 40. Kd5 Re8 41. Rb1 Re5+ 0-1

[Event "Late-Titled-Tuesday-Blitz-April-23-2024"]
[Site "Chess.com"]
[Date "2024.04.23"]
[Round "7"]
[White "crosky"]
[Black "Attacker_2006"]
[Result "0-1"]
[WhiteElo "2345"]
[BlackElo "2533"]
[TimeControl "180+1"]
[EndTime "15:17:54 PDT"]
[Termination "Attacker_2006 won on time"]

1. d4 Nf6 2. Bg5 d5 3. Nd2 g6 4. e3 Bg7 5. Bd3 O-O 6. f4 c5 7. c3 cxd4 8. exd4 Nc6 9. Ngf3 Bf5 10. Qe2 Bxd3 11. Qxd3 h6 12. Bxf6 exf6 13. O-O Re8 14.
Rae1 f5 15. Ne5 Qd6 16. Ndf3 Re7 17. Re2 Rae8 18. Rfe1 Qd8 19. Re3 Kh7 20. Qb5 Nxe5 21. dxe5 f6 22. e6 Qd6 23. Nd4 Qxf4 24. Qxd5 Qc7 25.
Kh1 Rd8 26. Qb5 a6 27. Qf1 f4 28. Rf3 f5 29. Rxf4 Qc5 30. Nb3 Qd6 31. Rb4 b5 32. a4 bxa4 33. Rxa4 Rxe6 34. Rxe6 Qxe6 35.
Nc5 Qc6 36. Rc4 Qb5 37. b4 Qxc4 0-1

[Event "Late-Titled-Tuesday-Blitz-April-23-2024"]
[Site "Chess.com"]
[Date "2024.04.23"]
[Round "7"]
[White "martinmena"]
[Black "dianamirza"]
[Result "1-0"]
[WhiteElo "2164"]
[BlackElo "2020"]
[TimeControl "180+1"]
[EndTime "15:17:54 PDT"]
[Termination "martinmena won on time"]

1. c4 c5 2. g3 Nc6 3. Bg2 g6 4. Nc3 Bg7 5. e4 e6 6. Nge2 Nge7 7. d3 O-O 8. O-O Rb8 9. Be3 d6 10. Qd2 a6 11. Bh6 b5 12. Bxg7 Kxg7 13. b3 bxc4 14.
dxc4 f5 15. Rad1 fxe4 16. Nxe4 d5 17. Nxc5 dxc4 18. Qxd8 Rxd8 19. Rxd8 Nxd8 20. bxc4 Rb2 21. Nc3 Rc2 22. N5e4 Bb7 23. c5 Ndc6 24. Rd1 Nd5 25.
Nxd5 exd5 26. Nd6 Ba8 27. Ne8+ Kf8 28. Nc7 1-0

[Event "Late-Titled-Tuesday-Blitz-April-23-2024"]
[Site "Chess.com"]
[Date "2024.04.23"]
[Round "7"]
[White "lamomiajunior"]
[Black "jcibarra"]
[Result "1-0"]
[WhiteElo "2772"]
[BlackElo "2985"]
[TimeControl "180+1"]
[EndTime "15:17:55 PDT"]
[Termination "lamomiajunior won by resignation"]

1. d4 Nf6 2. Nc3 d5 3. Bf4 a6 4. e3 e6 5. g4 b5 6. g5 Nfd7 7. Nf3 c5 8. h4 Nc6 9. e4 Nb6 10. Bg2 Bb7 11. exd5 Nxd5 12. Nxd5 Qxd5 13. dxc5 Qxc5 14.
O-O Rd8 15. Qe2 Be7 16. c3 O-O 17. Rfd1 Qf5 18. Bc7 Rxd1+ 19. Rxd1 Rc8 20. Bg3 Bf8 21. Ne5 Ba8 22. Be4 Qh3 23. Bxh7+ Kxh7 24. Qh5+ Kg8 25.
Qxf7+ Kh7 26. Qh5+ Kg8 27. g6 Qh1+ 28. Kxh1 Nxe5+ 29.
Kg1 1-0

[Event "Late-Titled-Tuesday-Blitz-April-23-2024"]
[Site "Chess.com"]
[Date "2024.04.23"]
[Round "7"]
[White "TigrVShlyape"]
[Black "Onischuk_V"]
[Result "1-0"]
[WhiteElo "3027"]
[BlackElo "2838"]
[TimeControl "180+1"]
[EndTime "15:17:58 PDT"]
[Termination "TigrVShlyape won on time"]

1. d4 d6 2. Nf3 g6 3. e4 Bg7 4.
c3 Nc6 5. Bg5 h6 6. Bh4 g5 7. Bg3 Nf6 8. Bd3 Nh5 9. Nbd2 e6 10.
Nc4 Qe7 11. Nfd2 Nxg3 12. hxg3 Bd7 13. Qc2 b5 14. Ne3 b4 15. Bb5 bxc3 16. bxc3 Kf8 17. Be2 Rb8 18. Rb1 Qe8 19. Bh5 Ne7 20. f4 Rxb1+ 21. Qxb1 Qc8 22. O-O Be8 23. f5 exf5 24. Nxf5 Nxf5 25. Rxf5 c5 26. Nc4 Qe6 27. d5 Qe7 28. Qb8 Bxc3 29. Rxf7+ 1-0

[Event "Late-Titled-Tuesday-Blitz-April-23-2024"]
[Site "Chess.com"]
[Date "2024.04.23"]
[Round "7"]
[White "LUISMIGUELOV"]
[Black "Supelyel"]
[Result "1-0"]
[WhiteElo "2233"]
[BlackElo "2397"]
[TimeControl "180+1"]
[EndTime "15:17:59 PDT"]
[Termination "LUISMIGUELOV won by checkmate"]

1. d4 d6 2. c3 Nd7 3. Nf3 e5 4. dxe5 dxe5 5. e4 c6 6. b4 a5 7. bxa5 Qxa5 8. Bc4 Bc5 9. O-O Ngf6 10. Qe2 O-O 11. Bg5 b5 12. Bb3 Re8 13. c4 b4 14.
Nbd2 Qb6 15. Nh4 h6 16. Be3 Bxe3 17. fxe3 Nc5 18. Nf5 Ncxe4 19. Nxe4 Nxe4 20. Nxg7 Kxg7 21. Rxf7+ Kg6 22. c5 Qxc5 23. Raf1 Ng5 24. R1f6# 1-0

[Event "Late-Titled-Tuesday-Blitz-April-23-2024"]
[Site "Chess.com"]
[Date "2024.04.23"]
[Round "7"]
[White "Nf3c5"]
[Black "Brahianzevich"]
[Result "1-0"]
[WhiteElo "2619"]
[BlackElo "2471"]
[TimeControl "180+1"]
[EndTime "15:18:00 PDT"]
[Termination "Nf3c5 won by resignation"]

1. e4 c5 2. Nc3 a6 3. d4 cxd4 4. Qxd4 Nc6 5. Qe3 e6 6. Qg3 b5 7. Bf4 Nf6 8. a3 Nh5 9. Qf3 Nxf4 10. Qxf4 Qf6 11. Qg3 b4 12. axb4 Bxb4 13. Ne2 O-O 14. f4 d5 15. e5 Qf5 16. O-O-O Bxc3 17. Nxc3 Bd7 18. Bd3 Qh5 19. Qf2 Nb4 20. Kb1 Nxd3 21.
Rxd3 Rfb8 22. g4 Qxg4 23. Rg1 Qh5 24. Rdg3 g6 25. Ne2 Qf5 26. Nd4 Qe4 27. Re1 Qxe1+ 28. Qxe1 a5 29. f5 exf5 30. e6 Re8 31. exf7+ Kxf7 32. Qd2 Re4 33. Nf3 Rae8 34. Ng5+ Kg7 35. Nxe4 1-0

[Event "Late-Titled-Tuesday-Blitz-April-23-2024"]
[Site "Chess.com"]
[Date "2024.04.23"]
[Round "7"]
[White "Navyblue1"]
[Black "kleber2007"]
[Result "0-1"]
[WhiteElo "2269"]
[BlackElo "2443"]
[TimeControl "180+1"]
[EndTime "15:18:01 PDT"]
[Termination "kleber2007 won by resignation"]

1. d4 Nf6 2. c4 g6 3. Nc3 Bg7 4. e4 O-O 5. Be2 d6 6. Bg5 h6 7. Be3 c5 8. Nf3 cxd4 9. Nxd4 Nc6 10. O-O Bd7 11. Rc1 Nxd4 12. Bxd4 Bc6 13. f3 a5 14. b3 Nd7 15. Bxg7 Kxg7 16. Qd4+ f6 17. Rfd1 Qb6 18. Nd5 Qxd4+ 19. Rxd4 Kf7 20. Rcd1 Rfd8 21. a3 Nc5 22. b4 axb4 23. axb4 e5 24. R4d2 Nb3 25.
Rb2 Nd4 26. Bd3 Bxd5 27. cxd5 Rdc8 28. Kf2 Rc3 29. Be2 f5 30. b5 f4 31. b6 g5 32.
Rdd2 Ke7 33. Ra2 Rca3 34. Rxa3 Rxa3 35. Rd3 Ra2 36. Kf1 Nxe2 0-1

[Event "Late-Titled-Tuesday-Blitz-April-23-2024"]
[Site "Chess.com"]
[Date "2024.04.23"]
[Round "7"]
[White "TangerineandLemon25"]
[Black "NitaLucian"]
[Result "1-0"]
[WhiteElo "2648"]
[BlackElo "2374"]
[TimeControl "180+1"]
[EndTime "15:18:02 PDT"]
[Termination "TangerineandLemon25 won by resignation"]

1. e4 d6 2. d4 Nf6 3. Nc3 e5 4. Nf3 Nbd7 5. Be2 Be7 6. O-O O-O 7. Re1 c6 8. Be3 Ng4 9. Bc1 Qb6 10. h3 Ngf6 11. Rb1 Re8 12. Be3 Qc7 13. d5 cxd5 14.
exd5 a6 15. a4 Nc5 16. Nd2 Bf5 17. Nc4 Rac8 18. a5 Nfe4 19. Nxe4 Nxe4 20. Bd3 Bg6 21. Bb6 Qd7 22. Nxe5 dxe5 23. Bxe4 Bxe4 24. Rxe4 Bc5 25.
Qd3 f5 26. Rc4 e4 27. Qc3 Bxb6 28. axb6 Rxc4 29. Qxc4 Rc8 30. Qb3 Rc5 31. Rd1 Rb5 32. Qc4 Rxb6 33. d6+ Kf8 34. Qc7 Qc6 35. Qxc6 Rxc6 36.
d7 1-0

[Event "Late-Titled-Tuesday-Blitz-April-23-2024"]
[Site "Chess.com"]
[Date "2024.04.23"]
[Round "7"]
[White "Lennis93"]
[Black "scandalgod"]
[Result "1-0"]
[WhiteElo "2765"]
[BlackElo "2529"]
[TimeControl "180+1"]
[EndTime "15:18:04 PDT"]
[Termination "Lennis93 won on time"]

1. c4 e5 2. Nc3 Nc6 3. g3 Bc5 4. Bg2 d6 5. e3 a6 6. Nge2 Ba7 7. O-O h5 8. h3 Be6 9. b3 Qd7 10. Kh2 Nge7 11. d4 Bf5 12. d5 Nd8 13. e4 Bg6 14. f4 exf4 15. gxf4 f6 16. f5 Bf7 17. Nf4 c6 18. Ne6 Bxe6 19. fxe6 Nxe6 20. dxe6 Qxe6 21. Kh1 O-O-O 22. Bf4 g5 23. Bh2 g4 24. h4 Ng6 25. Bg3 Rhf8 26. Rf5 Ne7 27. Rxh5 f5 28.
Qd2 fxe4 29. Nxe4 Nf5 30. Rxf5 Rxf5 31. Re1 Re5 32. Bxe5 dxe5 33. Qg5 Bd4 34. Rf1 Rg8 35. Qf5 Qxf5 36. Rxf5 Rh8 37. h5 Kd7 38. Bf1 Ke6 39.
Ng3 1-0

[Event "Late-Titled-Tuesday-Blitz-April-23-2024"]
[Site "Chess.com"]
[Date "2024.04.23"]
[Round "7"]
[White "Korchmar_Vasiliy"]
[Black "WilsonPalencia21"]
[Result "1-0"]
[WhiteElo "2700"]
[BlackElo "2521"]
[TimeControl "180+1"]
[EndTime "15:18:05 PDT"]
[Termination "Korchmar_Vasiliy won by resignation"]

1. d4 Nf6 2. c4 c5 3. d5 e6 4. Nc3 exd5 5. cxd5 d6 6. g3 g6 7. Bg2 Bg7 8. Nf3 O-O 9. O-O Re8 10.
Bf4 Ne4 11. Nxe4 Rxe4 12. Nd2 Rb4 13. b3 Bxa1 14. Qxa1 Rxf4 15. gxf4 Nd7 16. Nc4 Nb6 17. e4 Nxc4 18. bxc4 Qh4 19. f5 gxf5 20. e5 f4 21. exd6 Bh3 22. Bxh3 Qxh3 23. f3 Qh6 24. Kh1 f6 25.
Qe1 Qf8 26. Qe6+ Kh8 27. d7 Rd8 28. Re1 Kg7 29. Qg4+ Kh8 30. Qh5 Qd6 31. Re8+ Kg7 32. Rxd8 Qb6 33. Qg4+ Kh6 34. Qxf4+ Kg6 35. Rg8+ Kf7 36.
d8=Q Qb1+ 37. Rg1 1-0

[Event "Late-Titled-Tuesday-Blitz-April-23-2024"]
[Site "Chess.com"]
[Date "2024.04.23"]
[Round "7"]
[White "yuriydovzik"]
[Black "maurovargas01"]
[Result "0-1"]
[WhiteElo "2134"]
[BlackElo "1933"]
[TimeControl "180+1"]
[EndTime "15:18:09 PDT"]
[Termination "maurovargas01 won on time"]

1. a3 e5 2. b4 b5 3. Bb2 Nc6 4. e3 a6 5. Nf3 d6 6. c4 bxc4 7.
Bxc4 Bb7 8. Qb3 Qd7 9. O-O Nf6 10. d4 e4 11. Nfd2 d5 12. Be2 Bd6 13. Nc3 Ne7 14.
Na4 c6 15. Nc5 Qc8 16. Rac1 Bb8 17. g3 O-O 18. f4 exf3 19. Bxf3 Nf5 20. Bg2 Re8 21.
Bh3 g6 22. e4 dxe4 23. Ndxe4 Nxe4 24. g4 Nfd6 25. Nxe4 Nxe4 26. Qxf7+ Kh8 27. d5+ Be5 28. Bxe5+ Rxe5 29. dxc6 Bxc6 30. Rf6 Qe8 0-1

[Event "Late-Titled-Tuesday-Blitz-April-23-2024"]
[Site "Chess.com"]
[Date "2024.04.23"]
[Round "7"]
[White "AradNazari"]
[Black "contrerasfiorella"]
[Result "1-0"]
[WhiteElo "2743"]
[BlackElo "2230"]
[TimeControl "180+1"]
[EndTime "15:18:10 PDT"]
[Termination "AradNazari won by resignation"]

1. e4 c6 2. Nf3 d5 3. Nc3 Bg4 4. h3 Bxf3 5. Qxf3 e6 6. Be2 Bc5 7. Qg3 Bd4 8. exd5 exd5 9. Qg4 Qf6 10. O-O Nd7 11. d3 h5 12. Qg3 h4 13. Qh2 Ne7 14. Qc7 Nf5 15. Qxb7 Rb8 16. Qc7 Bb6 17. Qf4 Ne5 18.
Re1 O-O 19. Bg4 Nxg4 20. hxg4 Rbe8 21. Bd2 Nd4 22. Qxf6 gxf6 23. Rac1 Kg7 24. Kf1 f5 25. gxf5 Nxf5 26. Na4 Bc7 27. c4 Kg6 28. cxd5 Rxe1+ 29. Bxe1 Bf4 30. Rxc6+ Kg5 31. Nc3 Re8 32. Ne4+ 1-0

[Event "Late-Titled-Tuesday-Blitz-April-23-2024"]
[Site "Chess.com"]
[Date "2024.04.23"]
[Round "7"]
[White "Gravity_Chess"]
[Black "LiemLe"]
[Result "0-1"]
[WhiteElo "2871"]
[BlackElo "3063"]
[TimeControl "180+1"]
[EndTime "15:18:11 PDT"]
[Termination "LiemLe won by resignation"]

1. b3 d5 2. Bb2 Bf5 3. d3 h6 4. Nf3 e6 5. Nbd2 Nf6 6. e3 a5 7. a3 a4 8. b4 c5 9. bxc5 Bxc5 10.
Be2 Nc6 11. h3 O-O 12. g4 Bg6 13. Rg1 d4 14. e4 Nh7 15. h4 f6 16. g5 fxg5 17. hxg5 hxg5 18. Nf1 Qf6 19. N1h2 Bh5 20. Ng4 Bxg4 21. Rxg4 Bd6 22. Rg2 Qh6 23. Bc1 Bf4 24.
Bxf4 Rxf4 25. Qd2 Rxf3 0-1

[Event "Late-Titled-Tuesday-Blitz-April-23-2024"]
[Site "Chess.com"]
[Date "2024.04.23"]
[Round "7"]
[White "merinasian"]
[Black "Harry_Rakkel"]
[Result "1/2-1/2"]
[WhiteElo "2520"]
[BlackElo "2677"]
[TimeControl "180+1"]
[EndTime "15:18:11 PDT"]
[Termination "Game drawn by repetition"]

1. d4 Nf6 2. Nf3 d5 3. c4 e6 4.
e3 Nbd7 5. Nbd2 Be7 6. Bd3 O-O 7. O-O b6 8. e4 Bb7 9. e5 Ne8 10. cxd5 Bxd5 11. Ne4 c5 12. dxc5 Nxc5 13. Nxc5 Bxc5 14. Bg5 Qc8 15. Rc1 Qb7 16. Qe2 a5 17. h4 g6 18. Bf6 Nxf6 19. exf6 Rfd8 20. Rxc5 Bxf3 21. Qe3 Kh8 22. Qh6 Rg8 23. Rg5 Rad8 24. Bb1 Rd1 25. gxf3 Qxf3 26. Bxg6 Rxf1+ 27. Kxf1 fxg6 28. h5 Qxf6 29.
hxg6 Rxg6 30. Rxg6 Qxg6 31. Qf8+ Qg8 32. Qf6+ Qg7 33. Qd8+ Qg8 34. Qf6+ Qg7 35. Qd8+ Qg8 36. Qf6+ 1/2-1/2

[Event "Late-Titled-Tuesday-Blitz-April-23-2024"]
[Site "Chess.com"]
[Date "2024.04.23"]
[Round "7"]
[White "WoodlandMagic"]
[Black "SahibSinghKnight"]
[Result "1-0"]
[WhiteElo "2831"]
[BlackElo "2639"]
[TimeControl "180+1"]
[EndTime "15:18:16 PDT"]
[Termination "WoodlandMagic won by resignation"]

1. Nf3 d5 2. c4 e6 3. g3 Nf6 4. Bg2 dxc4 5. O-O a6 6. Qc2 Bd6 7. a4 Nc6 8. Na3 Na5 9. Nxc4 Nxc4 10. Qxc4 O-O 11. Qb3 Rb8 12. d4 b5 13. axb5 Rxb5 14. Qc2 Bb7 15. Bd2 Qa8 16. Bc3 Ne4 17. Rfc1 h6 18.
Qa4 c5 19. Ne1 cxd4 20. Bxd4 Rb4 21. Qd1 Rd8 22. Nc2 Rb5 23. Qe1 e5 24. Be3 Rxb2 25.
Qa5 Rb5 26. Qe1 Rc8 27. Na3 Ra5 28. Qxa5 1-0

[Event "Late-Titled-Tuesday-Blitz-April-23-2024"]
[Site "Chess.com"]
[Date "2024.04.23"]
[Round "7"]
[White "DeArron_Fox"]
[Black "jinbojinbo"]
[Result "0-1"]
[WhiteElo "2486"]
[BlackElo "2639"]
[TimeControl "180+1"]
[EndTime "15:18:16 PDT"]
[Termination "jinbojinbo won on time"]

1. d4 Nf6 2. c4 g6 3. Nc3 Bg7 4. e4 d6 5. f3 O-O 6. Be3 c5 7.
Nge2 Nc6 8. d5 Ne5 9. Ng3 e6 10. Be2 exd5 11. cxd5 a6 12. a4 h5 13. O-O h4 14.
Nh1 Re8 15. Nf2 Rb8 16. a5 b5 17. axb6 Qxb6 18. Ra2 Qb4 19. Bc1 a5 20. f4 Ned7 21.
Bf3 Ba6 22. Re1 Nh7 23. Kh1 Nb6 24. b3 Nd7 25. Bd2 Bxc3 26. Ra4 Qxb3 27. Bxc3 Qxc3 0-1

[Event "Late-Titled-Tuesday-Blitz-April-23-2024"]
[Site "Chess.com"]
[Date "2024.04.23"]
[Round "7"]
[White "baki83"]
[Black "jefferyx"]
[Result "0-1"]
[WhiteElo "2917"]
[BlackElo "3106"]
[TimeControl "180+1"]
[EndTime "15:18:18 PDT"]
[Termination "jefferyx won on time"]

1. e4 c5 2. Nf3 d6 3. Bb5+ Nd7 4.
O-O a6 5. Bxd7+ Bxd7 6. d4 cxd4 7. Qxd4 e5 8. Qd3 h6 9. c4 b5 10. Na3 Qb8 11. Rd1 Nf6 12. Be3 Be7 13. Rac1 O-O 14. c5 d5 15. Qc2 d4 16. Bd2 Rc8 17. b4 a5 18. Ne1 axb4 19. Bxb4 Ra4 20. Qb1 Qa8 21.
Nd3 Rxa3 22. Bxa3 Qxa3 23. Nxe5 Rxc5 24. Nxd7 Nxd7 25. Rxc5 Qxc5 26. Rc1 Qa3 27. Rc8+ Nf8 28. g3 d3 29. Rc7 Ne6 30. Rc8+ Kh7 0-1

[Event "Late-Titled-Tuesday-Blitz-April-23-2024"]
[Site "Chess.com"]
[Date "2024.04.23"]
[Round "7"]
[White "campochess"]
[Black "ferrufino64"]
[Result "0-1"]
[WhiteElo "2156"]
[BlackElo "2303"]
[TimeControl "180+1"]
[EndTime "15:18:18 PDT"]
[Termination "ferrufino64 won by resignation"]

1. e4 c5 2. b4 d6 3. a3 e6 4.
Nf3 Nf6 5. Nc3 Be7 6. d3 O-O 7. Bd2 b6 8. Be2 Bb7 9. O-O Nc6 10. b5 Nd4 11. Re1 Rc8 12. Bf1 e5 13. a4 a5 14. Be3 Ne6 15. Nd2 d5 16. exd5 Nxd5 17.
Nxd5 Bxd5 18. Ne4 Nd4 19. c3 Bb3 20. Qb1 Bc2 21. Qb2 f5 22. Nd2 f4 23. Bxd4 cxd4 24.
Qxc2 dxc3 25. Qa2+ Kh8 26. Ne4 f3 27. Rac1 Bb4 28. Re3 fxg2 29. Bxg2 Qh4 30. Rg3 Qf4 31. Rf1 c2 32. Rf3 c1=Q 33. Rxf4 Qxf4 34. Qe6 Rc1 35. Qxb6 Bc5 36. Qxc5 Rxc5 37. Nxc5 Qb4 38. Rc1 Qd2 39. Rf1 Qb4 40. Rc1 Qa3 41. Rc4 Qa1+ 42. Bf1 Qa2 43.
Re4 Qxf2+ 0-1

[Event "Late-Titled-Tuesday-Blitz-April-23-2024"]
[Site "Chess.com"]
[Date "2024.04.23"]
[Round "7"]
[White "FMOlexandrProhorov"]
[Black "zverr1"]
[Result "0-1"]
[WhiteElo "2272"]
[BlackElo "2448"]
[TimeControl "180+1"]
[EndTime "15:18:20 PDT"]
[Termination "zverr1 won on time"]

1. e4 c5 2. c3 g6 3. d4 cxd4 4. cxd4 d5 5. e5 a6 6. Nf3 Bg4 7. Nbd2 Nc6 8. h3 Bxf3 9. Nxf3 Bg7 10. Bg5 f6 11. exf6 exf6 12. Bf4 Nge7 13. Bd3 O-O 14. O-O Qd7 15. Re1 Nf5 16. Rc1 Rfe8 17. Qd2 Nd6 18. a3 Ne4 19. Qc2 f5 20. Qb3 Nxd4 21. Nxd4 Bxd4 22.
Be3 Nc5 23. Rxc5 Bxc5 24. Bxc5 Rxe1+ 25. Bf1 Rc8 26. Bb4 Qb5 27. a4 Rxf1+ 28. Kh2 Qc4 29. Qf3 Qe4 30. Qb3 Qf4+ 31. Qg3 Qxg3+ 32. Kxg3 Rc4 0-1

[Event "Late-Titled-Tuesday-Blitz-April-23-2024"]
[Site "Chess.com"]
[Date "2024.04.23"]
[Round "7"]
[White "enriquetejedor"]
[Black "ural58"]
[Result "1-0"]
[WhiteElo "2742"]
[BlackElo "2553"]
[TimeControl "180+1"]
[EndTime "15:18:21 PDT"]
[Termination "enriquetejedor won by resignation"]

1. c4 e5 2. Nc3 Nf6 3. Nf3 e4 4. Ng5 c6 5. Ngxe4 Nxe4 6. Nxe4 d5 7. cxd5 cxd5 8. Ng3 h5 9. e3 h4 10. Ne2 h3 11. Nf4 Nc6 12. Nxh3 Bxh3 13. gxh3 d4 14. Bg2 Qg5 15. O-O Bd6 16. f4 Qg6 17. Qg4 Qd3 18. e4 g6 19. e5 Be7 20. Qf3 Qxf3 21. Rxf3 Rc8 22. Rb3 Nb4 23. Bxb7 Rc7 24. Be4 d3 25. a3 Nc2 26. Rb1 Rxh3 27. Rxd3 Rh4 28. Rc3 Rg4+ 29. Kh1 Bc5 30. Rg3 Rxf4 31. Bxc2 Rf1+ 32.
Kg2 Rf2+ 33. Kh1 Rf1+ 34. Kg2 Rf2+ 35. Kh3 f5 36. exf6 Bd6 37. Bxg6+ Kf8 38. d4 Bxg3 39. Bh6+ Kg8 40. f7+ Rfxf7 41. Bxf7+ Kxf7 42. Kxg3 1-0